 Dungeon Crawl Stone Soup version 0.19.1 (webtiles) character file.

3721 RaHiT the Fighter (level 9, 0/76 HPs)
             Began as a Mummy Artificer on Nov 28, 2016.
             Was an Initiate of Gozag.
             Slain by a 14-headed hydra (3 damage)
             ... on level 8 of the Dungeon.
             The game lasted 00:50:31 (8543 turns).

RaHiT the Fighter (Mummy Artificer)                 Turns: 8543, Time: 00:50:33

Health: 0/76       AC: 18    Str: 19    XL:     9   Next: 92%
Magic:  11/11      EV:  7    Int: 10    God:    Gozag
Gold:   267        SH:  0    Dex: 12    Spells: 1 memorised, 6 levels left

rFire  x . .     SeeInvis +     r - +0 glaive (vamp)
rCold  + . .     Gourm    .     u - +0 plate armour
rNeg   + + +     Faith    .     (shield currently unavailable)
rPois  ∞         Spirit   .     z - +0 helmet
rElec  .         Reflect  .     H - +1 cloak
rCorr  .         Harm     .     f - +0 pair of gloves
MR     ++...                    (no boots)
Stlth  ..........               (no amulet)
                                q - ring of see invisible
                                p - ring of protection from magic

@: gold aura
A: no food or potions, fire vulnerability, cold resistance 1, negative energy
resistance 3, torment resistance, unbreathing
a: Potion Petition, Call Merchant, Bribe Branch, Renounce Religion


You were on level 8 of the Dungeon.
You worshipped Gozag.
Gozag was aware of your devotion.
You were not hungry.

You visited 2 branches of the dungeon, and saw 9 of its levels.

You collected 731 gold pieces.
You spent 336 gold pieces at shops.
You paid 128 gold pieces to Gozag.

Inventory:

Hand Weapons
 r - a +0 vampiric glaive (weapon)
Missiles
 g - 150 sling bullets
 i - 22 poisoned needles
Armour
 b - the +2 ring mail of Hepliaklqana's Envy {Int+4, unknown}
   (You found it on level 8 of the Dungeon)

   It affects your intelligence (+4).
 f - a +0 pair of gloves (worn)
 u - a +0 plate armour (worn)
 z - a +0 helmet (worn)
 H - a +1 cloak (worn)
Jewellery
 p - a ring of protection from magic (left hand)
 q - a ring of see invisible (right hand)
 B - an uncursed ring of resist corrosion
 F - a +3 ring of dexterity
Wands
 a - a wand of digging (16/24)
 c - a wand of flame (10/48)
 d - a wand of enslavement (13/24)
 e - a wand of random effects (11/48)
 v - a wand of digging (11/24)
 y - a wand of paralysis (7/24)
 E - a wand of teleportation (2/9)
Scrolls
 j - 4 scrolls of remove curse
 k - a scroll of recharging
 l - a scroll of teleportation
 n - 2 scrolls of fear
 s - a scroll of noise
 t - 2 scrolls of amnesia
 w - a scroll of blinking
 x - 2 scrolls of enchant armour
 G - a scroll of immolation {unknown}
Books
 h - a Young Poisoner's Handbook

   Spells                             Type                      Level
   a - Sting                          Conjuration/Poison           1
   b - Mephitic Cloud                 Conjuration/Poison/Air       3
   c - Olgreb's Toxic Radiance        Poison                       4
   d - Alistair's Intoxication        Transmutation/Poison         5
   e - Venom Bolt                     Conjuration/Poison           5
 A - a book of Minor Magic

   Spells                             Type                      Level
   a - Magic Dart                     Conjuration                  1
   b - Blink                          Translocation                2
   c - Call Imp                       Summoning                    2
   d - Repel Missiles                 Charms/Air                   2
   e - Slow                           Hexes                        2
   f - Conjure Flame                  Conjuration/Fire             3
   g - Mephitic Cloud                 Conjuration/Poison/Air       3
 C - a book of Power

   Spells                             Type                      Level
   a - Fulminant Prism                Conjuration/Hexes            4
   b - Iskenderun's Mystic Blast      Conjuration                  4
   c - Venom Bolt                     Conjuration/Poison           5
   d - Bolt of Magma                  Conjuration/Fire/Earth       5
   e - Iron Shot                      Conjuration/Earth            6
   f - Orb of Destruction             Conjuration                  7
   g - Spellforged Servitor           Conjuration/Summoning        7


   Skills:
 - Level 9.0 Fighting
   Level 0.7 Short Blades
 * Level 5.1 Polearms
 - Level 7.2 Armour
 - Level 2.0 Dodging
 - Level 0.7 Stealth
 - Level 3.0 Evocations


You had 6 spell levels left.
You knew the following spells:

 Your Spells              Type           Power        Failure   Level  Hunger
a - Blink                 Tloc           N/A          100%        2    N/A

Dungeon Overview and Level Annotations

Branches:
Dungeon (8/15)             Temple (1/1) D:7            Lair (0/6) D:8

Altars:
Ashenzari
Cheibriados
Dithmenos
Elyvilon
Fedhas
Gozag
Hepliaklqana
Kikubaaqudgha
Makhleb
Nemelex Xobeh
Okawaru
Qazlal
Ru
Sif Muna
Trog
Uskayaw
Vehumet
Xom
Yredelemnul
Zin
The Shining One

Shops:
D:6 [   D:7 *((

Annotations:
D:4 endorz's ghost, amateur CeHu


Innate Abilities, Weirdness & Mutations

You do not eat or drink.
Your flesh is vulnerable to fire.
You are immune to poison.
Your flesh is cold resistant. (rC+)
You are immune to negative energy. (rN+++)
You are immune to unholy pain and torment.
You can survive without breathing.


Message History

Aim: a 14-headed hydra (heavily wounded, lightly drained)
The bolt of negative energy misses the 14-headed hydra.
The bolt of negative energy hits the big kobold.
The big kobold is drained!
You kill the big kobold!
This wand has 11 charges left.
The 14-headed hydra bites you but does no damage.
The 14-headed hydra bites you.
The 14-headed hydra bites you but does no damage.
The 14-headed hydra barely misses you. The 14-headed hydra bites you.
The 14-headed hydra barely misses you. The 14-headed hydra bites you.
The 14-headed hydra bites you!
* * * LOW HITPOINT WARNING * * *
The 14-headed hydra bites you!
* * * LOW HITPOINT WARNING * * *
The 14-headed hydra barely misses you. The 14-headed hydra bites you.
* * * LOW HITPOINT WARNING * * *
The 14-headed hydra bites you.
You die...
Your body crumbles into a pile of gold.

##..#>.#..............##...
#######..##..#.....#..>.....##...
........[..........#........##...
.....##..........#.#.............
....#............#.########......
......#..........#.# ##...#.
.....####.#####....# . ###(.##.
......K...)<.####..##...##.....#.
(...#####.##..$D@..........##....
####.####.#########........##.##.
.≈.#......# #....##....##.
.%.##.....# #...####.....
P..##.....# ...#####.##.
...##....!# ..##.......
%..##.....# .##.......
''###.....# #....... ...##.....#
#.......


You could see a 14-headed hydra.

Vanquished Creatures
  A deep elf mage (D:6)
  2 dream sheep (D:8)
  2 wyverns
  2 yaks
  A hungry ghost (D:7)
  A black bear (D:6)
  2 ice beasts
  A sky beast (D:6)
  A necrophage (D:6)
  An ogre (D:8)
  A phantom (D:6)
  3 centaurs
  A hornet zombie (D:6)
  3 big kobolds (D:8)
  2 bullfrogs (D:6)
  3 scorpions
  5 crimson imps
  A centaur zombie (D:8)
  2 jellies
  An orc priest (D:4)
  2 centaur skeletons
  A hound (D:8)
  2 orc wizards
  A bullfrog skeleton (D:8)
  A gnoll shaman (D:8)
  Terence (D:2)
  3 worker ants (D:6)
  7 gnolls (D:8)
  6 adders
  An ooze (D:1)
  An adder zombie (D:6)
  5 worms
  4 dart slugs
  5 leopard geckos
  18 orcs
  9 bats
  3 giant cockroaches
  7 goblins
  6 hobgoblins
  8 jackals
  5 quokkas
  A ball python (D:7)
  4 frilled lizards
  7 kobolds
  7 rats
151 creatures vanquished.

Notes
Turn   | Place    | Note
-------+----------+-------------------------------------------
     0 | D:1      | RaHiT the Mummy Artificer began the quest for the Orb.
     0 | D:1      | Reached XP level 1. HP: 15/15 MP: 2/2
   393 | D:1      | Reached skill level 2 in Fighting
   595 | D:1      | Reached XP level 2. HP: 14/22 MP: 3/3
  1207 | D:1      | Reached skill level 3 in Fighting
  1207 | D:1      | Reached XP level 3. HP: 29/29 MP: 4/4
  1310 | D:2      | Noticed Terence
  1451 | D:2      | Reached skill level 1 in Armour
  1749 | D:2      | Found a burning altar of Makhleb.
  1749 | D:2      | Found a glowing silver altar of Zin.
  1750 | D:2      | Noticed an angel
  1750 | D:2      | Noticed a balrug
  1809 | D:2      | Reached XP level 4. HP: 30/35 MP: 5/5
  2243 | D:2      | Killed Terence
  2277 | D:2      | Found a shadowy altar of Dithmenos.
  2307 | D:2      | Found a hazy altar of Hepliaklqana.
  2349 | D:2      | Found a faded altar of an unknown god.
  2622 | D:3      | Noticed an ice beast
  2943 | D:2      | HP: 1/35 [ice beast (6)]
  3549 | D:3      | Reached XP level 5. HP: 29/42 MP: 6/6
  3922 | D:4      | Reached skill level 4 in Fighting
  4004 | D:4      | Found a sacrificial altar of Ru.
  4015 | D:4      | HP: 1/42 [orc priest/trident (7)]
  4411 | D:4      | Noticed endorz's ghost (amateur CeHu)
  4533 | D:4      | Reached skill level 1 in Polearms
  4795 | D:5      | Entered Level 5 of the Dungeon
  4951 | D:5      | Reached XP level 6. HP: 48/48 MP: 7/7
  5097 | D:5      | Noticed an ice beast
  5104 | D:5      | Killed an ice beast
  5580 | D:4      | Reached XP level 7. HP: 32/54 MP: 8/8
  5847 | D:6      | Reached skill level 5 in Polearms
  5901 | D:6      | Found a shattered altar of Ashenzari.
  6230 | D:6      | Found Jugganeo's Antique Armour Shop.
  6326 | D:6      | Reached XP level 8. HP: 46/60 MP: 9/9
  6438 | D:6      | Noticed a deep elf mage
  6454 | D:6      | Killed a deep elf mage
  7223 | D:7      | Found a staircase to the Ecumenical Temple.
  7231 | Temple   | Entered the Ecumenical Temple
  7294 | Temple   | Became a worshipper of Gozag Ym Sagoz the Greedy
  7312 | D:7      | Reached XP level 9. HP: 65/65 MP: 10/10
  7326 | D:7      | Found Loyvog's Weapon Emporium.
  7370 | D:7      | Found Tyrem's Assorted Antiques.
  7488 | D:7      | Reached skill level 5 in Fighting
  7513 | D:7      | Found Qike's Weapon Emporium.
  7649 | D:7      | Learned a level 2 spell: Blink
  7742 | D:7      | Bought an embroidered cloak for 336 gold pieces
  7844 | D:8      | Found a staircase to the Lair.
  7939 | D:8      | Got a scorched ring mail
  7956 | D:8      | Reached skill level 6 in Fighting
  8149 | D:8      | Reached skill level 7 in Fighting
  8258 | D:8      | Reached skill level 8 in Fighting
  8275 | D:8      | Reached skill level 9 in Fighting
  8298 | D:8      | Noticed a three-headed hydra
  8543 | D:8      | HP: 3/76 [14-headed hydra (5)]
  8543 | D:8      | Slain by a 14-headed hydra

Skill      XL: |  1  2  3  4  5  6  7  8  9 |
---------------+----------------------------+-----
Fighting       | 2 3 4 9 |  9.0
Armour         | 1 2 4 7 |  7.2
Dodging        | 2 |  2.0
Polearms       | 2 4 5 |  5.1
Evocations     | 3 |  3.0
Short Blades   | |  0.7
Stealth        | |  0.7

Action                   |  1- 3 |  4- 6 |  7- 9 || total
-------------------------+-------+-------+-------++-------
Melee: Short sword       |   161 |    68 |       ||   229
       Glaive            |       |   265 |   327 ||   592
Evoke: Wand              |     1 |     8 |     7 ||    16
  Use: Scroll            |     1 |    11 |     3 ||    15
 Stab: Sleeping          |       |     1 |       ||     1
       Paralysed         |       |       |    10 ||    10
       Distracted        |       |       |     1 ||     1
Armor: Leather armour    |    43 |    63 |       ||   106
       Plate armour      |       |   214 |   343 ||   557
Dodge: Dodged            |    97 |   168 |   158 ||   423
